 Dungeon Crawl Stone Soup version 0.29-a0-334-gb41bcbb86e (webtiles) character file.

Game seed: 14075145427677536905

15 zishaf the Sneak (level 2, -1/25 HPs)
             Began as a Palentonga Delver on Apr 13, 2022.
             Slain by a mummy (6 damage)
             ... in an ossuary.
             The game lasted 00:00:53 (123 turns).

zishaf the Sneak (Palentonga Delver)                 Turns: 123, Time: 00:00:53

Health: -1/25      AC:  4    Str: 15    XL:     2   Next: 34%
Magic:  2/2        EV:  9    Int: 10    God:
Gold:   0          SH:  0    Dex: 11    Spells: 1/1 levels left

rFire   . . .      SeeInvis +   a - +0 hand axe
rCold   . . .      Faith    .   (no shield)
rNeg    . . .      Spirit   .   b - +0 leather armour
rPois   .          Reflect  .   (no helmet)
rElec   .          Harm     .   (no cloak)
rCorr   .          Rampage  .   (no gloves)
Will    .....                   (no barding)
Stlth   ++........              (no amulet)
HPRegen 0.08/turn               (no ring)
MPRegen 0.08/turn               (no ring)

@: hasted, very quick
A: large, rugged brown scales 3, see invisible, deformed body, roll 1, armoured
tail
a: Rolling Charge


You were in an ossuary.
You visited 1 branch of the dungeon, and saw 2 of its levels.
You also visited: Ossuary.

Inventory:

Hand Weapons
 a - a +0 hand axe (weapon)
Armour
 b - a +0 leather armour (worn)
Wands
 g - a wand of digging (3)
Scrolls
 c - 2 scrolls of fog
 e - a scroll of fear
 h - a scroll of identify {unknown}


   Skills:
 + Level 3.2 Fighting
 + Level 2.2 Axes
 + Level 1.8 Dodging
 + Level 3.5 Stealth


You had one spell level left.
You didn't know any spells.
Your spell library was empty.

Dungeon Overview and Level Annotations

Branches:
Dungeon (5/15)            Ossuary (1/1)
 Temple: D:4-7

Altars:


Innate Abilities, Weirdness & Mutations

You are completely covered in rugged brown scales. (AC +3, +7% HP)
You have supernaturally acute eyesight. (SInv)
Armour fits poorly on your strangely shaped body.
You can roll at nearby foes to attack.
You have a long armoured tail.


Message History

A sentinel's mark forms upon you.
You start waiting.
A mummy comes into view.
There is an empty arch of ancient stone here.
You roll forward with a clatter of scales!
You hit the mummy but do no damage. You tail-slap the mummy!
The mummy is severely damaged.
You slash the mummy!
You destroy the mummy!
A mummy comes into view.
You have reached level 2!
Okay, then.
You feel yourself speed up.
The sentinel's mark upon you fades away.
The mummy barely misses you.
You hit the mummy. You punch the mummy.
The mummy is lightly damaged.
You barely miss the mummy.
The mummy is lightly damaged.
The mummy hits you!
You hit the mummy but do no damage.
The mummy is lightly damaged.
You hit the mummy.
You tail-slap the mummy, but do no damage.
The mummy is lightly damaged.
You hit the mummy but do no damage.
The mummy is lightly damaged.
The mummy hits you.
You hit the mummy but do no damage.
The mummy is lightly damaged.
You hit the mummy.
The mummy is moderately damaged.
The mummy hits you!
* * * LOW HITPOINT WARNING * * *
You hit the mummy.
The mummy is heavily damaged.
You hit the mummy but do no damage. You tail-slap the mummy.
The mummy is severely damaged.
The mummy hits you.
You die...

##.......##
#.........#
....⌠....
.......
..... .M.
#M# #@#
##.## #.∩.#
#.∩.# #####


You could see 2 mummies.

Vanquished Creatures
  A mummy (Ossuary)
  A dart slug (D:5)
2 creatures vanquished.

Notes
Turn   | Place    | Note
-------+----------+-------------------------------------------
     0 | D:5      | zishaf the Palentonga Delver began the quest for the Orb.
     0 | D:5      | Reached XP level 1. HP: 19/19 MP: 1/1
    44 | D:4      | Noticed a jelly
    85 | D:4      | Found a sand-covered staircase.
    89 | Ossuary  | Entered an ossuary
   114 | Ossuary  | Reached XP level 2. HP: 25/25 MP: 2/2
   123 | Ossuary  | Slain by a mummy

Illustrated notes

Levels and vault maps discovered:
D:4:      layout_basic, gammafunk_temple_overflow_forgotten,
          mainiacjoe_overflow_chevrons, nicolae_ossuary_entry_plus,
          minmay_splitting_lines
D:5:      layout_layer_cave, fedhas_ov_isle_minmay
Ossuary:  ossuary_crypta

Action                   || total
-------------------------++-------
Melee: Hand axe          ||    12
       Tailslap          ||     4
       Punch             ||     1
 Abil: Rolling Charge    ||     2
  Use: Scroll            ||     1
       Potion            ||     1
Dodge: Dodged            ||     2

Table legend: (Time is in decaauts)
 A = Elapsed time spent in this place.
 B = Non-inter-level travel time spent in this place.
 C = Inter-level travel time spent in this place.
 D = Time resting spent in this place.
 E = Time spent auto-exploring this place.
 F = Levels seen in this place.
 G = Mean time per level.
                   A        B        C        D        E       F      G
               +--------+--------+--------+--------+--------+-----+--------+
         Total |    121 |    121 |      0 |     18 |      0 |   3 |   40.3 |
       Dungeon |     88 |     88 |      0 |      0 |      0 |   2 |   44.0 |
       Ossuary |     32 |     32 |      0 |     18 |      0 |   1 |   32.0 |
               +--------+--------+--------+--------+--------+-----+--------+

Top non-repeatable levels by time:
     D:4: 66 daAuts
 Ossuary: 32 daAuts
     D:5: 22 daAuts
